 Dungeon Crawl Stone Soup version 0.25.1-1-g288607f5aa (webtiles) character file.

Game seed: 12618778584290990648

51 lelly100 the Sneak (level 3, 0/14 HPs)
             Began as a Felid Enchanter on July 18, 2020.
             Slain by an adder (5 damage)
             ... on level 2 of the Dungeon.
             The game lasted 00:02:01 (1819 turns).

lelly100 the Sneak (Felid Enchanter)                Turns: 1819, Time: 00:02:02

Health: 0/14       AC:  1    Str:  4    XL:     3   Next: 58%
Magic:  1/7        EV: 19    Int: 16    God:
Gold:   99         SH:  0    Dex: 17    Spells: 3/6 levels left
                                        Lives:  0   Deaths: 0

rFire    . . .     SeeInvis +     - Unarmed
rCold    . . .     Gourm    .   (shield unavailable)
rNeg     . . .     Faith    .   (armour unavailable)
rPois    .         Spirit   .   (helmet unavailable)
rElec    .         Reflect  .   (cloak unavailable)
rCorr    .         Harm     .   (gloves unavailable)
MR       .....                  (boots unavailable)
Stlth    ++++......             (no amulet)
HPRegen  0.04/turn              d - +4 ring of slaying
MPRegen  0.10/turn              (no ring)

@: quick
A: very small, no armour, no weapons or thrown items, stealth, claws 1, fangs 3,
see invisible, carnivore, speed 1, shaggy fur 1, slow metabolism 1, sharp paws
a: no special abilities


You were on level 2 of the Dungeon.
You were very full.

You visited 1 branch of the dungeon, and saw 2 of its levels.

You collected 99 gold pieces.

Inventory:

Jewellery
 d - a +4 ring of slaying (left paw)
Wands
 m - a wand of paralysis (8)
Scrolls
 a - a scroll of noise {unknown}
 c - a scroll of identify {unknown}
 e - 3 scrolls of teleportation {unknown}
Potions
 f - a potion of degeneration {unknown}
 g - 2 potions of magic {unknown}
 h - 2 potions of mutation {unknown}
 i - 2 potions of berserk rage {unknown}
 j - 2 potions of ambrosia {unknown}
 k - a potion of resistance {unknown}
 l - a potion of heal wounds {unknown}
 n - a potion of flight {unknown}
Comestibles
 b - 3 rations
 o - 3 chunks of flesh


   Skills:
 + Level 4.2 Dodging
 + Level 5.4 Stealth
 - Level 1.0 Unarmed Combat
 - Level 2.0 Spellcasting
 - Level 4.4 Hexes


You had 3 spell levels left.
You knew the following spells:

 Your Spells              Type           Power        Failure   Level  Hunger
a - Corona                Hex            ###....      3%          1    #......
b - Ensorcelled Hibernat  Hex/Ice        #.....       13%         2    ###....

Your spell library contained the following spells:

 Spells                   Type           Power        Failure   Level  Hunger
 Confusing Touch          Hex            ###.....     11%         3    ###....
 Tukima's Dance           Hex            ###.....     11%         3    ###....
 Dazzling Flash           Conj/Hex       #.....       26%         3    ###....


Dungeon Overview and Level Annotations

Branches:
Dungeon (2/15)

Altars:


Innate Abilities, Weirdness & Mutations

You cannot wear armour.
You are incapable of wielding weapons or throwing items.
Your paws allow you to move quietly. (Stealth)
You have sharp claws.
You have razor-sharp teeth.
You have supernaturally acute eyesight. (SInv)
You are carnivorous and can eat meat at any time.
You cover ground quickly.
You are covered in fur. (AC +1)
You have a slow metabolism.
Your sharp claws are effective at attacking unaware monsters.


Message History

There is a stone staircase leading up here.
The adder closely misses you.
You see here a short sword.
Casting: Ensorcelled Hibernation (safe; 13% risk of failure)
Confirm with . or Enter, or press ? or * to list all spells.
Aiming: Ensorcelled Hibernation (safe; 13% risk of failure)
Press: ? - help, Shift-Dir - straight line, f/p - adder
Aim: an adder (chance to defeat MR: 49%)
The adder resists with some effort.
The adder bites you. The adder completely misses you.
Found a scroll labeled AQYGIO XUUREA.
The adder bites you. The adder closely misses you.
Casting: Ensorcelled Hibernation (safe; 13% risk of failure)
Confirm with . or Enter, or press ? or * to list all spells.
Aiming: Ensorcelled Hibernation (safe; 13% risk of failure)
Press: ? - help, Shift-Dir - straight line, f/p - adder
Aim: an adder (chance to defeat MR: 49%)
The adder resists with some effort.
The adder bites you.
You die...

##.# #..# #.# #.#
#..# #.
#.#######.### #.##
#. #.##.........
#.#
#..####.##.####....
#.#
#.............)....
#.#
#.#####........#.##
#.# #. ####.#####.#
#.# #.########.###
#.# #.#
#.@S.........###.#
#.#
##########.#.....#
###.### #.#..#####
#.....# #.........
#.#.#.########
####.#####
#.#[.........# #.#
#.###.######.# #.#
#.....# #.# #.#
####### #.# #.#####


You could see an adder.

Vanquished Creatures
  2 adders (D:2)
  A worm (D:2)
  2 leopard geckos (D:1)
  3 bats (D:1)
  5 hobgoblins
  A jackal (D:1)
  4 kobolds
  3 frilled lizards (D:1)
  4 goblins (D:1)
  3 rats
28 creatures vanquished.

Notes
Turn   | Place    | Note
-------+----------+-------------------------------------------
     0 | D:1      | lelly100 the Felid Enchanter began the quest for the Orb.
     0 | D:1      | Reached XP level 1. HP: 7/7 MP: 4/4
   569 | D:1      | Reached XP level 2. HP: 11/11 MP: 6/6
   573 | D:1      | Learned a level 2 spell: Ensorcelled Hibernation
  1373 | D:2      | Reached skill level 5 in Stealth
  1373 | D:2      | Reached XP level 3. HP: 14/14 MP: 7/7
  1819 | D:2      | Slain by an adder

Illustrated notes

Levels and vault maps discovered:
D:1:      matt_arrival_refuge, layout_loops_ring
D:2:      layout_loops_ring

Skill      XL: |  1  2  3 |
---------------+----------+-----
Dodging        | 3 4 |  4.2
Stealth        | 5 |  5.4
Unarmed Combat | |  1.0
Spellcasting   | |  2.0
Hexes          | |  4.4

Action                   || total
-------------------------++-------
Melee: Unarmed           ||    50
       Bite              ||     2
 Cast: Ensorcelled Hiber ||    10
 Stab: Sleeping          ||    15
  Eat: Chunk             ||     9
Armor: Skin              ||     3
Dodge: Dodged            ||    31
